 Dungeon Crawl Stone Soup version 0.27.0-1-g7a089689b8 (webtiles) character file.

Game seed: 12438465365285889187

514 willcat the Sneak (level 7, -2/52 HPs)
             Began as a Mummy Delver on Aug 13, 2021.
             Was a Follower of Okawaru.
             Slain by a killer bee (4 damage)
             ... on level 8 of the Dungeon.
             The game lasted 00:03:24 (1399 turns).

willcat the Sneak (Mummy Delver)                    Turns: 1399, Time: 00:03:25

Health: -2/52      AC: 11    Str: 17    XL:     7   Next: 0%
Magic:  7/7        EV:  5    Int: 10    God:    Okawaru [*.....]
Gold:   99         SH:  0    Dex: 13    Spells: 6/6 levels left

rFire    x . .     SeeInvis .   g - +2 morningstar (protect)
rCold    + . .     Faith    .   (no shield)
rNeg     + + +     Spirit   .   h - +0 plate armour
rPois    ∞         Reflect  .   (no helmet)
rElec    .         Harm     .   (no cloak)
rCorr    .         Rampage  .   (no gloves)
Will     .....                  (no boots)
Stlth    ..........             (no amulet)
HPRegen  0.17/turn              (no ring)
MPRegen  0.10/turn              (no ring)

@: no status effects
A: cold resistance 1, negative energy resistance 3, torment resistance 2, heat
vulnerability 1, no potions
a: Renounce Religion, Heroism


You were on level 8 of the Dungeon.
You worshipped Okawaru.
Okawaru was aware of your devotion.
You visited 1 branch of the dungeon, and saw 5 of its levels.

You collected 99 gold pieces.

Inventory:

Hand Weapons
 a - a +0 short sword
 g - a +2 morningstar of protection (weapon)
Armour
 b - a +0 leather armour
 h - a +0 plate armour (worn)
Jewellery
 e - a ring of see invisible
Wands
 f - a wand of digging (3)
 j - a wand of iceblast (8)
 k - a wand of flame (49)
Scrolls
 c - a scroll of fog
 d - a scroll of magic mapping


   Skills:
 - Level 3.0 Fighting
 - Level 2.9 Short Blades
 + Level 2.8 Maces & Flails
 + Level 2.7 Armour
 - Level 1.5 Dodging
 - Level 4.9 Stealth
 - Level 2.2 Evocations


You had 6 spell levels left.
You didn't know any spells.
Your spell library contained the following spells:

 Spells                   Type           Power      Damage    Failure   Level
 Sting                    Tmut/Pois      0%         1d3       100%        1
 Poisonous Vapours        Pois/Air       0%         N/A       100%        2
 Slow                     Hex            0%         N/A       100%        2
 Confusing Touch          Hex            0%         N/A       100%        3
 Olgreb's Toxic Radiance  Pois           0%         N/A       100%        4
 Yara's Violent Unravell  Hex/Tmut       0%         3d3       100%        5


Dungeon Overview and Level Annotations

Branches:
Dungeon (9/15)
 Temple: D:4-7         Lair: D:8-11         Orc: D:9-12

Altars:
Elyvilon
Gozag
Kikubaaqudgha
Okawaru
Qazlal
Sif Muna
Wu Jian

Shops:
D:6 (


Innate Abilities, Weirdness & Mutations

You are immune to poison.
Your flesh is cold resistant. (rC+)
You are immune to negative energy. (rN+++)
You are immune to unholy pain and torment.
You are vulnerable to heat. (rF-)
You do not drink.


Message History

The killer bee buzzes angrily.
The killer bee stings you. The killer bee barely misses you.
The killer bee stings you!
* * * LOW HITPOINT WARNING * * *
You barely miss the killer bee.
The killer bee stings you but does no damage.
The killer bee barely misses you. The killer bee closely misses you.
You closely miss the killer bee. The killer bee completely misses you.
The killer bee stings you but does no damage. x2
You miss the killer bee.
The killer bee stings you but does no damage.
The killer bee stings you.
* * * LOW HITPOINT WARNING * * *
Your plate armour prevents you from hitting the killer bee.
The killer bee stings you but does no damage. x2
The killer bee stings you.
* * * LOW HITPOINT WARNING * * *
Unknown command.
You closely miss the killer bee. The killer bee stings you.
* * * LOW HITPOINT WARNING * * *
The killer bee stings you but does no damage.
The killer bee barely misses you.
Unknown command.
As you read the scroll labelled EHASATW QAUH, it crumbles to dust.
It is a scroll of identify.
You don't have any unidentified items.
The killer bee barely misses you.
The killer bee stings you but does no damage.
Unknown command.
Your plate armour prevents you from hitting the killer bee.
The killer bee stings you.
* * * LOW HITPOINT WARNING * * *
The killer bee stings you but does no damage.
Unknown command.
You closely miss the killer bee. The killer bee stings you.
* * * LOW HITPOINT WARNING * * *
The killer bee stings you but does no damage. x2
Unknown command.
You miss the killer bee. The killer bee stings you.
You die...

#....#.# ##.....# .
#......# . #......# .
.##....## . # ##....##
### . #.#....## ##.# .
#.......#######..##
##.
##...........yy@...##
##..
#......>.....y####..##
##... ...##8..8##...##
#...#######..##
...#....._#.###
#.#...).)...## ..
###..#####
#.....#.#####. .
#_.....#
###...<........
###..### #............
#_....# ##########...
###..## #.


You could see 3 killer bees.

Vanquished Creatures
  A wyvern (D:9)
  A yak (D:9)
  An orc warrior (D:8)
  A bullfrog (D:8)
  2 orc wizards (D:9)
  4 orcs
10 creatures vanquished.

Notes
Turn   | Place    | Note
-------+----------+-------------------------------------------
     0 | D:5      | willcat the Mummy Delver began the quest for the Orb.
     0 | D:5      | Reached XP level 1. HP: 18/18 MP: 1/1
     1 | D:6      | Noticed a kobold brigand
     1 | D:6      | Noticed a necrophage
     1 | D:6      | Noticed an ogre
    13 | D:5      | Noticed a hornet
    44 | D:6      | Noticed an ice beast
    71 | D:6      | Found Neanto's Antique Weapon Shop.
   287 | D:8      | Noticed a bullfrog
   287 | D:8      | Noticed an orc warrior
   454 | D:8      | Killed a bullfrog
   455 | D:8      | Reached skill level 1 in Evocations
   455 | D:8      | Reached XP level 2. HP: 24/24 MP: 2/2
   455 | D:8      | Reached XP level 3. HP: 29/29 MP: 3/3
   456 | D:8      | Reached XP level 4. HP: 35/35 MP: 4/4
   457 | D:8      | Killed an orc warrior
   458 | D:8      | Reached XP level 5. HP: 41/41 MP: 5/5
   496 | D:8      | Found an iron altar of Okawaru.
   499 | D:8      | Found a shimmering blue altar of Sif Muna.
   504 | D:8      | Found an ancient bone altar of Kikubaaqudgha.
   504 | D:8      | Found an opulent altar of Gozag.
   509 | D:8      | Found a stormy altar of Qazlal.
   520 | D:8      | Became a worshipper of Warmaster Okawaru
   598 | D:9      | Reached skill level 1 in Maces & Flails
   598 | D:9      | Reached skill level 1 in Armour
   957 | D:9      | Noticed a wyvern
   969 | D:9      | Killed a wyvern
   970 | D:9      | Reached XP level 6. HP: 26/47 MP: 6/6
  1134 | D:9      | Found an ornate altar of the Wu Jian Council.
  1332 | D:9      | Noticed a yak
  1333 | D:9      | Noticed a yak
  1339 | D:9      | Noticed a yak
  1341 | D:9      | Noticed a yak
  1342 | D:9      | Killed a yak
  1342 | D:9      | Reached * piety under Okawaru
  1343 | D:9      | Reached XP level 7. HP: 19/52 MP: 7/7
  1398 | D:8      | HP: 1/52 [killer bee (5)]
  1399 | D:8      | Slain by a killer bee

Illustrated notes

Levels and vault maps discovered:
D:5:      layout_basic, st_stairs_9, chequers_serial_rivers_micro_a
D:6:      layout_rooms, temple_hall, serial_shops, nicolae_take_the_stairs,
          shop, nicolae_shop_stone, nicolae_shop_statue_plus, st_stairs_3,
          grunt_decor_mini_mirrors
D:7:      layout_basic, nicolae_overflow_crystal_walls
D:8:      minmay_the_grid_octo_triangle [minmay_the_grid_octo_77,
          minmay_the_grid_octo_prize_square_snowflake,
          minmay_the_grid_octo_focus], layout_layer_cave, minitemple,
          dpeg_lair_monsters, minivault_25
D:9:      layout_loops_ring, nzn_wu_jian_contemplation

Skill      XL: |  1  2  3  4  5 |
---------------+----------------+-----
Short Blades   | 2 |  2.9
Evocations     | 1 2 |  2.2
Maces & Flails | 2 |  2.8
Armour         | 2 |  2.7
Fighting       | |  3.0
Dodging        | |  1.5
Stealth        | |  4.9

Action                   |  1- 3 |  4- 6 |  7- 9 || total
-------------------------+-------+-------+-------++-------
Melee: Morningstar       |       |    49 |     9 ||    58
Evoke: Wand              |     3 |     2 |       ||     5
  Use: Scroll            |       |     1 |     1 ||     2
Armor: Leather armour    |     3 |       |       ||     3
       Plate armour      |       |    40 |    11 ||    51
Dodge: Dodged            |     4 |     7 |     7 ||    18
